 Dungeon Crawl Stone Soup version 0.18-a0-1784-ga939a68 (webtiles) character file.

46243 MrRokkomies the Gouger (level 14, -3/66 HPs)
             Began as a Felid Enchanter on Apr 14, 2016.
             Was the Champion of Ru.
             Slain by a four-headed hydra (13 damage)
             ... on level 8 of the Lair of Beasts on Apr 19, 2016.
             The game lasted 05:45:59 (35033 turns).

MrRokkomies the Gouger (Felid Enchanter)           Turns: 35033, Time: 05:46:00

Health: -3/66      AC:  3    Str:  4    XL:     14   Next: 4%
Magic:  21/28      EV: 21    Int: 20    God:    Ru [******]
Gold:   15         SH:  0    Dex: 12    Spells: 9 memorised, 0 levels left
                                        Lives:  0   Deaths: 3

rFire  . . .     SeeInvis +       - Unarmed
rCold  + . .     Gourm    .     (armour unavailable)
rNeg   . . .     Faith    .     (shield unavailable)
rPois  +         Spirit   .     (helmet unavailable)
rElec  .         Dismiss  .     (cloak unavailable)
rCorr  .         Reflect  .     (gloves unavailable)
SustAt .         Harm     .     (boots unavailable)
MR     +....                    U - amulet of magic regeneration
Stlth  ++++......               l - ring of poison resistance
                                (ring unavailable)

@: studying Ice Magic, quick, somewhat resistant to hostile enchantments,
stealthy
A: no armour, no weapons or thrown items, claws 1, fangs 3, see invisible,
carnivore 3, clumsy 2, dopey 1, speed 1, shaggy fur 3, slow metabolism 1,
missing a hand, reduced EV 1, magic vulnerability 1, sharp paws
a: Draw Out Power, Power Leap, Apocalypse, Renounce Religion


You were on level 8 of the Lair of Beasts.
You worshipped Ru.
Ru was exalted by your worship.
You were full.

You visited 4 branches of the dungeon, and saw 26 of its levels.
You also visited: Labyrinth and Sewer.

You collected 2385 gold pieces.
You spent 2370 gold pieces at shops.

Inventory:

Jewellery
 l - a ring of poison resistance (right paw)
 o - an uncursed ring of sustain attributes
 w - an uncursed ring of magical power
 y - a +2 ring of evasion
 I - an uncursed amulet of dismissal
 M - an uncursed ring of positive energy
 U - an amulet of magic regeneration (around neck)
Wands
 d - a wand of slowing (21/48)
 f - a wand of flame (10/48)
 t - a wand of enslavement (0/24)
 A - a wand of polymorph (6/24)
 B - a wand of lightning (0/15)
 D - a wand of acid (0/15)
 E - a wand of acid (2/15)
 F - a wand of iceblast (5/15)
 G - a wand of lightning (4/15)
 J - a wand of confusion (20/48)
 N - a wand of enslavement (14/24)
 S - a wand of disintegration (2/24)
 V - a wand of slowing (20/48)
 W - a wand of acid (9/15)
Scrolls
 c - 13 scrolls of remove curse
 k - 8 scrolls of teleportation
 s - 7 scrolls of fog
 K - 6 scrolls of blinking
 O - a scroll of amnesia
 P - a scroll of magic mapping
Potions
 e - 4 potions of brilliance
 h - 5 potions of might
 j - 4 potions of berserk rage
 n - 7 potions of heal wounds
 p - 4 potions of curing
 q - 3 potions of lignification
 u - 3 potions of agility
 v - 4 potions of flight
 z - 2 potions of invisibility
 C - 5 potions of haste
 H - a potion of ambrosia
 L - 2 potions of magic
Books
 a - a book of Fire

   Spells                             Type                      Level
   a - Ignite Poison                  Fire/Transmutation/Poison    3
   b - Fireball                       Conjuration/Fire             5
   c - Bolt of Fire                   Conjuration/Fire             6
   d - Delayed Fireball               Conjuration/Fire             7
   e - Ring of Flames                 Charms/Fire                  7
 g - a book of Clouds

   Spells                             Type                      Level
   a - Mephitic Cloud                 Conjuration/Poison/Air       3
   b - Conjure Flame                  Conjuration/Fire             3
   c - Poisonous Cloud                Conjuration/Poison/Air       6
   d - Freezing Cloud                 Conjuration/Ice/Air          6
   e - Ring of Flames                 Charms/Fire                  7
 x - a book of Beasts

   Spells                             Type                      Level
   a - Summon Butterflies             Summoning                    1
   b - Call Canine Familiar           Summoning                    3
   c - Summon Ice Beast               Ice/Summoning                4
   d - Summon Mana Viper              Hexes/Summoning              5
   e - Summon Hydra                   Summoning                    7
 Q - a manual of Ice Magic
Comestibles
 b - 12 meat rations
 i - 8 beef jerkies
 m - 3 royal jellies
 r - 7 slices of pizza


   Skills:
 - Level 10.0 Fighting
 - Level 12.1 Dodging
 - Level 6.0 Stealth
 - Level 13.4 Unarmed Combat
 - Level 9.5 Spellcasting
 - Level 5.1 Conjurations
 - Level 11.6 Hexes
 * Level 7.4 Summonings
 - Level 5.0 Transmutations
 * Level 10.4 Ice Magic
 - Level 5.0 Air Magic
 - Level 7.0 Evocations


You couldn't memorise any spells.
You knew the following spells:

 Your Spells              Type           Power        Failure   Level  Hunger
a - Cause Fear            Hex            ######....   1%          4    ##.....
b - Ensorcelled Hibernat  Hex/Ice        ######       1%          2    None
c - Confuse               Hex            ######..     1%          3    None
d - Tukima's Dance        Hex            ######..     1%          3    None
e - Dazzling Spray        Conj/Hex       #####...     1%          3    None
f - Yara's Violent Unrav  Hex/Trmt       #####.....   10%         5    #####..
g - Silence               Hex/Air        #####.....   10%         5    #####..
h - Mephitic Cloud        Conj/Pois/Air  ###.....     8%          3    None
i - Summon Ice Beast      Ice/Summ       #####...     1%          4    ##.....


Dungeon Overview and Level Annotations

Branches:
Dungeon (15/15)            Temple (1/1) D:7            Lair (8/8) D:11
 Shoals (0/4) Lair:6       Spider (0/4) Lair:3        Slime (0/6) Lair:7
    Orc (2/2) D:11            Elf (0/3) Orc:2        Vaults (0/5) D:13
 Depths: D:15

Altars:
Ashenzari
Cheibriados
Dithmenos
Elyvilon
Nemelex Xobeh
Okawaru
Pakellas
Qazlal
Ru
Trog
Xom
Yredelemnul
Zin
The Shining One
Jiyva

Shops:
Orc:2 **(:


Innate Abilities, Weirdness & Mutations

You cannot wear armour.
You are incapable of wielding weapons or throwing items.
You have sharp claws.
You have razor-sharp teeth.
You have supernaturally acute eyesight.
You are carnivorous and can eat meat at any time.
You are very clumsy. (Dex -4)
You are dopey. (Int -2)
You cover ground quickly.
Your thick and shaggy fur keeps you warm (AC +3, rC+).
You have a slow metabolism.
You are missing a hand.
You have somewhat slow reflexes. (EV -3)
You are slightly vulnerable to magic.
Your sharp claws are effective at attacking unaware monsters.


Message History

Aiming: Confuse
Press: ? - help, Shift-Dir - straight line, f/p - four-headed hydra
Aim: a four-headed hydra (chance to defeat MR: 40%)
The four-headed hydra resists with some effort.
Casting: Confuse
Confirm with . or Enter, or press ? or * to list all spells.
Aiming: Confuse
Press: ? - help, Shift-Dir - straight line, f/p - four-headed hydra
Aim: a four-headed hydra (chance to defeat MR: 40%)
The four-headed hydra resists with some effort.
Casting: Confuse
Confirm with . or Enter, or press ? or * to list all spells.
Aiming: Confuse
Press: ? - help, Shift-Dir - straight line, f/p - four-headed hydra
Aim: a four-headed hydra (chance to defeat MR: 40%)
The four-headed hydra resists with some effort.
The four-headed hydra bites you! x2
* * * LOW HITPOINT WARNING * * *
The four-headed hydra misses you. The four-headed hydra bites you!
You die...

##.P..#.#..........#....
##....##....#...P.P.P..
#....###..#...........
####...##....#.....#....
#.#.................#...
##......................
##.....................
##.....D#..............
#....#@#...............
##....#...........#....
#...P.................
##.".......##.........
#.....................
#.P.#.....##..........
#P..P..###............
##P.............##....
#......P.........#....


You could see a four-headed hydra.

Vanquished Creatures
  Gastronok (Lair:1)
  An orc warlord (Orc:2)
  The ghost of Potsanchik the Ripper, an adept FeCK of Xom (D:14)
  4 vault guards (D:13)
  A minotaur (Lab)
  Erolcha (D:10)
  7 hydras
  2 centaur warriors
  Erica (Lair:1)
  3 catoblepae
  10 death yaks
  An orc high priest (Orc:2)
  Nergalle (D:12)
  Sonja (D:11)
  A deep elf knight (D:13)
  An unseen horror (D:13)
  4 hill giants
  2 orc knights
  7 ugly things
  A phantasmal warrior (D:14)
  A griffon (Lair:8)
  6 orc sorcerers
  3 cyclopes
  A deep elf mage (D:12)
  2 manticores (D:11)
  Maurice (D:9)
  2 sirens (Lair:6)
  4 black mambas
  4 elephants
  2 centaur zombies
  4 gargoyles
  11 spiny frogs
  A freezing wraith (D:14)
  An efreet (D:15)
  2 kobold demonologists
  A tengu conjurer (D:13)
  4 rime drakes
  2 minotaur zombies (Lab)
  15 komodo dragons
  3 merfolk
  3 trolls
  2 polar bears
  4 jumping spiders (Lair:3)
  2 boulder beetles
  Grinder (D:6)
  Prince Ribbit (Lair:1)
  A dancing weapon (D:13)
  16 blink frogs
  3 slime creatures (D:12)
  2 redbacks (Lair:3)
  58 yaks
  3 wyverns
  A shadow (D:13)
  2 wraiths
  A steam dragon (D:9)
  A human (D:13)
  4 vampire mosquitoes (D:13)
  4 basilisks
  Grum (Lair:1)
  10 hippogriffs
  A warg (Orc:2)
  A soldier ant (D:13)
  25 porcupines
  15 water moccasins
  21 orc warriors
  2 sky beasts
  A black bear (D:8)
  3 ice beasts
  3 phantoms
  2 necrophages (D:13)
  7 ogres
  4 centaurs
  12 wolves
  29 crocodiles
  7 big kobolds
  19 giant frogs
  A wyvern zombie (D:7)
  A gnoll sergeant (D:7)
  2 wyvern skeletons
  5 scorpions
  10 killer bees
  2 wights (D:11)
  6 howler monkeys
  2 jellies
  4 crimson imps
  2 giant frog zombies
  A quasit (D:14)
  A hound (D:14)
  29 orc priests
  2 giant frog skeletons
  5 iguanas
  6 centaur skeletons
  5 hell rats (Lair:5)
  33 orc wizards
  Terence (D:3)
  9 worker ants
  21 sheep
  A hound skeleton (D:8)
  A howler monkey zombie (D:8)
  14 gnolls
  A worker ant zombie (D:5)
  13 adders
  69 river rats
  4 shadow imps
  An adder zombie (D:8)
  An adder skeleton (D:9)
  4 worms
  4 dart slugs
  8 giant geckos
  64 orcs
  4 giant cockroaches
  10 goblins
  4 hobgoblins
  12 jackals
  38 kobolds
  2 quokkas
  5 ball pythons
  2 bats
  A giant gecko zombie (D:5)
  9 giant newts
  12 rats
  A fungus (Lair:8)
  11 plants
837 creatures vanquished.

Vanquished Creatures (collateral kills)
  2 hydras
  A death knight (D:14)
  6 death yaks
  A skeletal warrior (D:14)
  A hill giant (D:13)
  A kobold demonologist (D:14)
  A two-headed ogre (D:14)
  A yak (Lair:8)
  A basilisk (Lair:7)
  6 orc warriors
  2 ogres
  A crocodile (Lair:7)
  A wight (D:11)
  2 orc priests (Orc:2)
  2 orc wizards (Orc:2)
  A gnoll (D:8)
  A river rat (Lair:8)
  17 orcs
  A goblin (D:4)
  A fungus (Lair:7)
50 creatures vanquished.

Vanquished Creatures (others)
  An orange crystal statue (D:6)
  17 dancing weapons
  An ogre (D:4)
  An orc wizard (Orc:2)
  A worker ant (D:4)
  A river rat (Lair:8)
  A kobold (D:13)
  45 fungi
  43 plants
111 creatures vanquished.

Grand Total: 998 creatures vanquished

Notes
Turn   | Place    | Note
--------------------------------------------------------------
     0 | D:1      | MrRokkomies the Felid Enchanter began the quest for the Orb.
     0 | D:1      | Reached XP level 1. HP: 7/7 MP: 4/4
   261 | D:1      | Reached XP level 2. HP: 11/11 MP: 6/6
   265 | D:1      | Learned a level 2 spell: Ensorcelled Hibernation
   406 | D:1      | Reached skill level 5 in Hexes
  1008 | D:1      | Reached skill level 2 in Unarmed Combat
  1181 | D:2      | Reached XP level 3. HP: 14/14 MP: 4/7
  1186 | D:2      | Learned a level 3 spell: Confuse
  1467 | D:2      | Found a stormy altar of Qazlal.
  1611 | D:2      | Reached XP level 4. HP: 15/18 MP: 3/8
  1776 | D:2      | Reached skill level 3 in Unarmed Combat
  1802 | D:2      | Found a glowing silver altar of Zin.
  1803 | D:2      | Found a glowing golden altar of the Shining One.
  1809 | D:2      | Found a white marble altar of Elyvilon.
  2609 | D:3      | Noticed Terence
  2621 | D:3      | Killed Terence
  2621 | D:3      | Reached XP level 5. HP: 21/21 MP: 6/9
  3361 | D:4      | Noticed an ogre
  3381 | D:4      | Killed an ogre
  3381 | D:4      | Reached skill level 4 in Unarmed Combat
  3381 | D:4      | Gained mutation: You are covered in thick fur (AC +2). [Felid growth]
  3381 | D:4      | Reached XP level 6. HP: 24/24 MP: 7/10
  3450 | D:4      | Learned a level 3 spell: Tukima's Dance
  3454 | D:4      | Found a shimmering altar of Xom.
  3488 | D:4      | Reached skill level 5 in Dodging
  3530 | D:4      | Found a glowing drain.
  3579 | Sewer    | Entered a sewer
  3794 | Sewer    | Noticed Gottschkopf's ghost (amateur DECj)
  4103 | D:4      | Reached skill level 1 in Fighting
  4103 | D:4      | Reached skill level 5 in Unarmed Combat
  4708 | D:4      | Reached XP level 7. HP: 15/30 MP: 1/11
  5069 | D:5      | Entered Level 5 of the Dungeon
  5166 | D:5      | Found a shadowy altar of Dithmenos.
  5265 | D:5      | Reached skill level 6 in Unarmed Combat
  5938 | D:6      | Found a basalt altar of Yredelemnul.
  5938 | D:6      | Found a snail-covered altar of Cheibriados.
  5939 | D:6      | Found a sparkling altar of Nemelex Xobeh.
  5949 | D:6      | Reached XP level 8. HP: 33/36 MP: 1/12
  6057 | D:6      | Noticed Grinder
  6083 | D:6      | Killed Grinder
  6083 | D:6      | Reached skill level 5 in Fighting
  6083 | D:6      | Reached skill level 7 in Unarmed Combat
  6551 | D:6      | Found an oddly glowing altar of Pakellas.
  6691 | D:6      | Found an oddly glowing altar of Pakellas.
  6691 | D:6      | Noticed an orange crystal statue
  6694 | D:6      | Noticed a troll
  6700 | D:6      | Killed an orange crystal statue
  6734 | D:7      | Found a sacrificial altar of Ru.
  6737 | D:7      | Became a worshipper of Ru the Awakened
  6759 | D:7      | Reached skill level 8 in Unarmed Combat
  7090 | D:7      | Reached skill level 5 in Stealth
  7305 | D:7      | Reached XP level 9. HP: 22/41 MP: 7/13
  7605 | D:7      | Found a bloodstained altar of Trog.
  7814 | D:7      | Found a staircase to the Ecumenical Temple.
  8116 | Temple   | Entered the Ecumenical Temple
  8336 | D:7      | Gained mutation: You are slightly vulnerable to magic. [Ru sacrifice]
  8336 | D:7      | Reached * piety under Ru
  8992 | D:8      | Learned a level 3 spell: Dazzling Spray
  9218 | D:8      | Reached skill level 10 in Hexes
  9536 | D:8      | Upgraded the game from 0.18-a0-1773-gec4f98e to 0.18-a0-1774-gce1f7b6
  9563 | D:9      | Found an iron altar of Okawaru.
  9623 | D:9      | Reached skill level 1 in Conjurations
  9749 | D:9      | Noticed Maurice
  9769 | D:9      | Killed from afar by Maurice
  9770 | D:9      | Reached XP level 8. HP: -9/38 MP: 13/21
  9844 | D:9      | Killed Maurice
  9844 | D:9      | Reached XP level 9. HP: 41/41 MP: 13/13
  9996 | D:9      | Found a shattered altar of Ashenzari.
 10295 | D:9      | Gained mutation: You are dopey. (Int -2) [Ru sacrifice]
 10295 | D:9      | Reached ** piety under Ru
 10440 | D:10     | Entered Level 10 of the Dungeon
 10565 | D:10     | Noticed Erolcha
 10616 | D:10     | Killed Erolcha
 10616 | D:10     | Reached skill level 10 in Dodging
 11069 | D:10     | Reached XP level 10. HP: 33/45 MP: 13/14
 11161 | D:10     | Reached skill level 5 in Conjurations
 11319 | D:11     | Noticed a cyclops
 11341 | D:11     | Killed a cyclops
 11341 | D:11     | Reached skill level 9 in Unarmed Combat
 11489 | D:11     | Noticed a hill giant
 11518 | D:11     | Killed a hill giant
 11659 | D:11     | Noticed Sonja
 11667 | D:11     | Killed Sonja
 11832 | D:11     | Noticed a manticore
 11900 | D:11     | Killed a manticore
 11969 | D:11     | Reached skill level 10 in Unarmed Combat
 12004 | D:11     | Reached XP level 11. HP: 25/52 MP: 2/15
 12286 | D:11     | Noticed a centaur warrior
 12290 | D:11     | Killed a centaur warrior
 12310 | D:11     | Found a staircase to the Lair.
 12443 | D:11     | Found a staircase to the Orcish Mines.
 12608 | D:11     | Noticed a hill giant
 12621 | D:11     | Killed a hill giant
 12773 | Lair:1   | Entered Level 1 of the Lair of Beasts
 12979 | Lair:1   | Noticed Prince Ribbit
 12982 | Lair:1   | Killed Prince Ribbit
 13000 | Lair:1   | Reached skill level 11 in Unarmed Combat
 13313 | Lair:1   | Noticed Erica
 13331 | Lair:1   | Killed Erica
 13331 | Lair:1   | Reached skill level 10 in Fighting
 13466 | Lair:1   | Noticed Gastronok
 13519 | Lair:1   | Killed Gastronok
 13924 | Lair:1   | Noticed Grum
 13930 | Lair:1   | Reached skill level 12 in Unarmed Combat
 13977 | Lair:1   | Gained mutation: Your thick and shaggy fur keeps you warm (AC +3, rC+). [Felid growth]
 13977 | Lair:1   | Reached XP level 12. HP: 35/58 MP: 16/16
 14038 | Lair:1   | Killed Grum
 14777 | Lair:2   | Noticed a five-headed hydra
 14806 | Lair:2   | Killed a five-headed hydra
 14984 | Lair:2   | Reached skill level 5 in Ice Magic
 15322 | Lair:3   | Noticed an eight-headed hydra
 15324 | Lair:3   | Killed an eight-headed hydra
 15345 | Lair:3   | You fall through a shaft for 2 floors!
 15556 | Lair:4   | Reached skill level 13 in Unarmed Combat
 15729 | Lair:3   | Found a hole to the Spider Nest.
 16237 | Lair:3   | Identified a scroll of acquirement
 16244 | Lair:3   | Learned a level 4 spell: Cause Fear
 16876 | Lair:4   | Noticed a four-headed hydra
 16891 | Lair:4   | Killed a four-headed hydra
 17211 | Lair:4   | Reached XP level 13. HP: 61/61 MP: 18/18
 18606 | Lair:6   | Learned a level 5 spell: Yara's Violent Unravelling
 18627 | Lair:6   | Reached skill level 1 in Transmutations
 18776 | Lair:5   | Reached skill level 5 in Spellcasting
 19862 | Lair:6   | Found a staircase to the Shoals.
 20200 | Lair:6   | Reached skill level 5 in Transmutations
 20324 | Lair:7   | Reached skill level 1 in Evocations
 20511 | Lair:7   | Gained mutation: You are missing a hand. [Ru sacrifice]
 20511 | Lair:7   | Reached *** piety under Ru
 20511 | Lair:7   | Reached **** piety under Ru
 20511 | Lair:7   | Reached ***** piety under Ru
 20582 | Lair:7   | Learned a level 5 spell: Silence
 20913 | Lair:7   | Found a viscous altar of Jiyva.
 20913 | Lair:7   | Found a staircase to the Slime Pits.
 21110 | Lair:8   | Entered Level 8 of the Lair of Beasts
 22155 | Lair:8   | Reached skill level 5 in Evocations
 22201 | Lair:8   | Reached XP level 14. HP: 58/66 MP: 26/26
 22636 | Lair:7   | Upgraded the game from 0.18-a0-1774-gce1f7b6 to 0.18-a0-1781-g663d63a
 23513 | Orc:1    | Entered Level 1 of the Orcish Mines
 23627 | Orc:2    | Entered Level 2 of the Orcish Mines
 23796 | Orc:2    | Found a labyrinth entrance.
 23809 | Lab      | Entered a labyrinth
 24387 | Lab      | Learned a level 3 spell: Mephitic Cloud
 25034 | Orc:2    | Found a staircase to the Elven Halls.
 25744 | Orc:2    | Reached skill level 1 in Air Magic
 26662 | Orc:2    | Found Qysist's Assorted Antiques.
 26662 | Orc:2    | Found Berefad's Book Boutique.
 26665 | Orc:2    | Noticed an orc warlord
 27025 | Orc:2    | Gained mutation: You are clumsy. (Dex -2) [Ru sacrifice]
 27159 | Orc:2    | Killed an orc warlord
 27332 | Orc:2    | Found Suam's General Store.
 27333 | Orc:2    | Found Batuq's Antique Weapon Boutique.
 27339 | Orc:2    | Bought a potion of heal wounds for 100 gold pieces
 27340 | Orc:2    | Bought a book of Beasts for 715 gold pieces
 27345 | Orc:2    | Learned a level 4 spell: Summon Ice Beast
 27347 | Orc:2    | Bought a potion of invisibility for 120 gold pieces
 27710 | D:12     | Noticed Nergalle
 27726 | D:12     | Killed Nergalle
 28676 | D:13     | Reached skill level 5 in Air Magic
 28829 | D:13     | Reached skill level 1 in Summonings
 28853 | D:13     | Gained mutation: You have somewhat slow reflexes. (EV -3) [Ru sacrifice]
 29120 | D:13     | Slain by a deep elf knight
 29121 | D:13     | Reached XP level 13. HP: -3/61 MP: 21/27
 29329 | D:13     | Noticed a vault guard
 29336 | D:13     | Noticed a vault guard
 29372 | D:13     | Killed a vault guard
 29373 | D:13     | Killed a vault guard
 29608 | D:13     | Found a gate to the Vaults.
 29991 | D:14     | Reached XP level 14. HP: 64/66 MP: 25/28
 30093 | D:14     | Noticed Potsanchik's ghost (adept FeCK)
 30117 | D:14     | Killed Potsanchik's ghost
 30608 | D:14     | Slain by a catoblepas
 30609 | D:14     | Reached XP level 13. HP: -3/61 MP: 27/27
 31336 | D:15     | Entered Level 15 of the Dungeon
 31517 | Orc:2    | Bought a manual of Ice Magic for 1435 gold pieces
 31679 | D:15     | Reached skill level 5 in Summonings
 31786 | D:15     | Upgraded the game from 0.18-a0-1781-g663d63a to 0.18-a0-1784-ga939a68
 31921 | D:15     | Gained mutation: You are very clumsy. (Dex -4) [Ru sacrifice]
 31921 | D:15     | Reached ****** piety under Ru
 32035 | D:15     | Noticed a fire dragon
 32036 | D:15     | Noticed a fire dragon
 33025 | Lair:7   | HP: 2/61 [death yak (18)]
 34504 | Lair:8   | Reached skill level 10 in Ice Magic
 34812 | Lair:8   | Reached XP level 14. HP: 22/66 MP: 5/28
 35033 | Lair:8   | Slain by a four-headed hydra

Vault maps used:
D:1:      dpeg_arrival_more_subterranean_lakeside_camping
D:2:      good_gods_mini_temple, grunt_qazlal_sundering, first_bread
D:3:      uniq_terence
D:4:      xom_confusion_cloud, portal_sewer_entry_f
D:5:      lemuel_coloured_pillars_altar, minmay_holes, hangedman_minor_gate_pass
D:6:      nicolae_overflow_crystal_walls, gammafunk_temple_overflow_claw,
          gammafunk_pakellas_statue_experiment, uniq_grinder
D:7:      hangedman_cross_stitches, kennysheep_mini_moat,
          minmay_temple_entry_hall, trog_hazing_becter
D:9:      old_standard_altar, cheibrodos_ashenzari_chains, uniq_maurice
D:10:     uniq_erolcha
D:11:     dpeg_lair_monsters, orc_0_dummy, uniq_sonja
D:12:     uniq_nergalle
D:13:     grunt_vaults_entry_fortified
D:14:     hangedman_decor_diamond_cutter
D:15:     grunt_enter_depths_hoard, serial_shops, shop,
          minmay_misc_feat_ornament
Temple:   temple_island_7
Lair:1:   beast_lair_carwin_10, uniq_erica, uniq_prince_ribbit2, uniq_grum,
          uniq_gastronok
Lair:2:   grunt_megastairs_2
Lair:3:   nicolae_spider_entry_tight_spaces, grunt_megastairs_1,
          lemuel_fruit_tree
Lair:4:   serial_bayou_pond_b, wad_woods_road_05
Lair:5:   grunt_forest_small_clearing_treed, grunt_megastairs_5
Lair:6:   elwin_shoals_entry_stream
Lair:7:   slime_altar_1
Lair:8:   evilmike_catoblepas_cave, serial_bayou_pond_e
Orc:2:    st_orc_mages, lab_entry_generic
Lab:      labyrinth_hidden_loot
Sewer:    sewer_co_cracked_pipes

Skill      XL: |  1  2  3  4  5  6  7  8  9 10 11 12 13 14 |
---------------+-------------------------------------------+-----
Hexes          | 5 6 7 10 11 | 11.6
Unarmed Combat | 2 3 4 5 6 8 10 12 13 | 13.4
Dodging        | 3 4 5 9 10 12 | 12.1
Fighting       | 2 4 6 8 10 | 10.0
Stealth        | 5 6 |  6.0
Conjurations   | 2 4 5 |  5.1
Ice Magic      | 3 5 10 6 | 10.4
Spellcasting   | 3 7 9 |  9.5
Transmutations | 5 |  5.0
Evocations     | 5 7 |  7.0
Air Magic      | 5 |  5.0
Summonings     | 7 4 |  7.4

Action                   |  1- 3 |  4- 6 |  7- 9 | 10-12 | 13-15 || total
-------------------------+-------+-------+-------+-------+-------++-------
Melee: Unarmed           |    39 |   158 |   341 |   406 |  1177 ||  2121
       Bite              |     2 |     8 |    27 |    21 |    94 ||   152
       Punch             |     1 |     2 |     3 |    16 |     5 ||    27
 Cast: Ensorcelled Hiber |    19 |    34 |    89 |   145 |   264 ||   551
       Confuse           |     3 |     8 |    38 |    37 |   151 ||   237
       Tukima's Dance    |       |     5 |    27 |    14 |    68 ||   114
       Dazzling Spray    |       |       |     1 |     5 |    62 ||    68
       Summon Ice Beast  |       |       |       |       |    42 ||    42
       Mephitic Cloud    |       |       |       |       |     9 ||     9
       Yara's Violent Un |       |       |       |       |     9 ||     9
       Cause Fear        |       |       |       |       |     1 ||     1
Invok: Sacrifice Purity  |       |       |     1 |       |     2 ||     3
       Sacrifice Essence |       |       |     1 |       |       ||     1
       Reject Sacrifices |       |       |       |     2 |     1 ||     3
       Apocalypse        |       |       |       |       |     3 ||     3
       Power Leap        |       |       |       |       |     1 ||     1
       Sacrifice a Hand  |       |       |       |       |     1 ||     1
       Sacrifice Health  |       |       |       |       |     1 ||     1
Evoke: Wand              |       |       |     8 |     5 |    34 ||    47
  Use: Scroll            |     6 |    10 |    14 |     9 |    13 ||    52
       Potion            |       |       |     2 |     2 |     6 ||    10
 Stab: Sleeping          |    23 |    36 |    69 |   114 |   170 ||   412
       Confused          |       |     3 |    23 |    23 |    64 ||   113
       Distracted        |       |     2 |     1 |     4 |     8 ||    15
       Invisible         |       |       |     1 |     1 |    24 ||    26
       Paralysed         |       |       |       |       |     9 ||     9
  Eat: Chunk             |     6 |     8 |    29 |    30 |    56 ||   129
Armor: Skin              |     2 |     6 |     7 |     2 |    33 ||    50
Dodge: Dodged            |    20 |    98 |   216 |   258 |   710 ||  1302
